 Dungeon Crawl Stone Soup version 0.30.1-3-gfc49f6343a (webtiles) character file.

Game seed: 17854052994890967228

10268 Zeor the Impaler (level 11, 0/86 HPs)
             Began as a Merfolk Monk on July 18, 2023.
             Was a Priest of Wu Jian.
             Slain by a culicivora (18 damage)
             ... on level 2 of the Lair of Beasts.
             The game lasted 00:51:51 (9917 turns).

Zeor the Impaler (Merfolk Monk)                     Turns: 9917, Time: 00:51:52

Health: 0/86       AC:  7    Str: 12    XL:     11   Next: 59%
Magic:  11/11      EV: 20    Int: 10    God:    Wu Jian [***...]
Gold:   264        SH:  0    Dex: 20    Spells: 10/10 levels left

rFire   . . .        b - +1 halberd (flame)
rCold   . . .        (shield currently unavailable)
rNeg    + . .        u - +2 robe {rN+}
rPois   .            n - +0 helmet
rElec   .            A - +1 cloak
rCorr   .            (no gloves)
SInv    +            (no boots)
Will    .....        (no amulet)
Stlth   +++          y - ring of see invisible
HPRegen 0.34/turn    (no ring)
MPRegen 0.12/turn

%: no passive effects
@: no status effects
A: (nimble swimmer 2), mertail
a: Renounce Religion, Wall Jump, Serpent's Lash


You were on level 2 of the Lair of Beasts.
You worshipped Wu Jian.
Wu Jian was most pleased with you.
You visited 3 branches of the dungeon, and saw 12 of its levels.
You also visited: Sewer.

You collected 465 gold pieces.
You spent 201 gold pieces at shops.

Inventory:

Hand Weapons
 a - a +2 vampiric trident
 b - a +1 halberd of flaming (weapon)
 r - a +0 trident
 x - a +1 spear
 B - a +2 hand axe of electrocution
 D - a +3 spear
Missiles
 f - 17 poisoned darts (quivered)
 E - a curare-tipped dart
Armour
 d - an orb of light
 n - a +0 helmet (worn)
 u - a +2 robe of positive energy (worn)
 A - a +1 cloak (worn)
Jewellery
 y - a ring of see invisible (left hand)
 H - a +6 ring of intelligence
Wands
 j - a wand of roots (11)
 o - a wand of quicksilver (9)
Scrolls
 e - a scroll of fog
 l - a scroll of enchant weapon
 m - a scroll of poison
 q - 2 scrolls of teleportation
 z - a scroll of blinking
 C - a scroll of enchant armour
 F - a scroll of amnesia
Potions
 c - a potion of ambrosia
 g - a potion of resistance
 h - 7 potions of curing
 i - 4 potions of attraction
 k - 2 potions of flight
 p - a potion of brilliance
 s - 3 potions of cancellation
 t - 2 potions of heal wounds
 v - a potion of might {unknown}
 w - 2 potions of magic
 G - a potion of mutation {unknown}


   Skills:
 * Level 7.8 Fighting
 - Level 18.0 Polearms
 * Level 0.5 Throwing
 * Level 11.2 Dodging
 + Level 5.2 Stealth
 + Level 0.4 Evocations


You had 10 spell levels left.
You didn't know any spells.
Your spell library contained the following spells:

 Spells                   Type           Power      Damage    Failure   Level
 Slow                     Hex            0%         N/A       36%         1
 Blink                    Tloc           0%         N/A       50%         2
 Ensorcelled Hibernation  Hex/Ice        0%         N/A       50%         2
 Lesser Beckoning         Tloc           0%         N/A       50%         2
 Momentum Strike          Conj/Tloc      0%         3d8       50%         2
 Passwall                 Tmut/Erth      0%         N/A       50%         2
 Sublimation of Blood     Necr           0%         N/A       50%         2
 Wereblood                Tmut           0%         N/A       50%         2
 Confusing Touch          Hex            0%         N/A       75%         3
 Dazzling Flash           Conj/Hex       0%         N/A       75%         3
 Ozocubu's Armour         Ice            0%         N/A       75%         3
 Spider Form              Tmut/Pois      0%         N/A       75%         3
 Swiftness                Air            0%         N/A       75%         3
 Vampiric Draining        Necr           0%         2d6       75%         3
 Volatile Blastmotes      Fire/Tloc      0%         2d10      75%         3
 Anguish                  Hex/Necr       0%         N/A       98%         4
 Iskenderun's Mystic Bla  Conj/Tloc      0%         2d3       98%         4
 Passage of Golubria      Tloc           0%         N/A       98%         4
 Metabolic Englaciation   Hex/Ice        0%         N/A       100%        5
 Silence                  Hex/Air        0%         N/A       100%        5
 Simulacrum               Ice/Necr       0%         N/A       100%        6
 Starburst                Conj/Fire      0%         6d3       100%        6
 Ozocubu's Refrigeration  Ice            0%         4d7       100%        7
 Summon Hydra             Summ           0%         N/A       100%        7
 Lehudib's Crystal Spear  Conj/Erth      0%         10d2      100%        8


Dungeon Overview and Level Annotations

Branches:
Dungeon (9/15)             Temple (1/1) D:7            Lair (2/5) D:8
  Sewer (visited)
  Swamp: Lair:2-3    Shoals: Lair:2-3     Snake: Lair:2-3    Spider: Lair:2-3
    Orc: D:9-12

Altars:
Ashenzari
Cheibriados
Dithmenos
Elyvilon
Fedhas
Gozag
Hepliaklqana
Kikubaaqudgha
Makhleb
Nemelex Xobeh
Okawaru
Qazlal
Ru
Sif Muna
Trog
Uskayaw
Vehumet
Wu Jian
Xom
Yredelemnul
Zin
The Shining One

Shops:
D:5 *   D:6 ?((   D:8 =

Annotations:
D:7 2 transporters, Drain's ghost, novice HuCj
Lair:1 3 runed translucent doors, exclusion: oklob plant, Bukhlaj's ghost, journeyman HOFi


Innate Abilities, Weirdness & Mutations

((You are very nimble when in or above water. (Stealth+, EV+, Speed+++)))
Your lower body shifts to a powerful aquatic tail in water.


Message History

You kill the cane toad!
The Council accepts your kill.
You feel sick.
You closely miss the culicivora.
You feel sick. The culicivora bites you!
Press: ? - help, v - describe, . - travel, g - get item
Here: a culicivora Item here: a cane toad corpse.
The floor, spattered with blood.
You puncture the culicivora! You burn the culicivora.
The culicivora is moderately wounded.
The culicivora bites you but does no damage.
You hit the culicivora but do no damage.
The culicivora is moderately wounded.
You feel sick. The culicivora bites you!
The culicivora draws strength from your injuries!
You hit the culicivora. You burn the culicivora.
The culicivora is moderately wounded.
You feel sick. The culicivora completely misses you.
You are too injured to fight recklessly!
You are too injured to fight recklessly!
You are too injured to fight recklessly!
You are too injured to fight recklessly!
You spin and attack the culicivora.
You miss the culicivora.
The culicivora is moderately wounded.
You feel sick. The culicivora misses you. The culicivora bites you!
Aiming: Wall Jump
Press: ? - help, Dir - move target You repeatedly attack the culicivora from above.
You hit the culicivora. You burn the culicivora.
The culicivora is heavily wounded.
You puncture the culicivora! You burn the culicivora.
The culicivora is almost dead.
You miss the culicivora.
The culicivora is almost dead.
You feel sick.
You are no longer poisoned.
The culicivora bites you!
* * * LOW HITPOINT WARNING * * *
The culicivora misses you. The culicivora bites you!!
You die...

▒▒ ∙▒ ∙∙∙▒ ∙▒▒▒⌠∙>▒
∙▒▒∙∙∙∙▒ ▒▒▒∙∙∙▒ ▒▒ ▒
∙▒∙∙∙∙▒ ▒▒ ∙▒∙ ▒▒ ▒▒∙∙∙▒
▒∙▒▒▒^▒▒▒∙▒ ∙∙∙∙▒
▒∙▒∙○○▒∙▒ )∙∙∙▒ ▒∙∙○m○▒
∙∙▒▒▒ ▒▒∙○s▒▒▒▒∙∙▒ ▒▒▒
▒▒▒ ▒▒∙∙∙∙∙∙∙∙∙▒ ▒
▒▒▒∙▒▒▒▒▒▒∙■P∙▒∙∙▒∙▒▒
▒▒▒∙▒▒∙▒▒P▒▒∙∙∙∙∙∙∙∙∙∙∙
∙∙∙∙∙∙∙∙∙∙∙'∙∙∙∙∙∙∙∙∙∙∙▒
▒∙▒▒▒▒▒▒▒▒∙▒∙∙∙∙∙∙∙∙∙∙?▒
▒▒▒ ▒▒▒∙∙∙∙∙∙∙∙∙∙∙▒
∙∙∙∙∙∙∙∙∙∙∙∙∙▒


You could see a culicivora.

Vanquished Creatures
  6 death yaks (Lair:2)
  2 black mambas
  A cane toad (Lair:2)
  3 blink frogs (Lair:2)
  5 yaks (D:9)
  2 steam dragons
  An acid dragon (D:9)
  Duvessa (D:5)
  2 water moccasins (Lair:1)
  A sky beast (D:7)
  3 black bears
  2 ice beasts
  4 centaurs
  15 wolves
  An ogre (D:4)
  A phantom (D:6)
  Blork the orc (D:4)
  A kobold brigand (D:9)
  A bullfrog (D:8)
  2 scorpions
  10 wights
  Dowan (D:5)
  3 howler monkeys (D:8)
  A lava snake (D:7)
  A hound (D:5)
  2 jellies (D:6)
  5 iguanas
  4 orc wizards
  5 hell rats
  Robin (D:4)
  4 gnolls
  5 adders
  3 river rats
  3 white imps
  2 ufetubi (D:5)
  2 worms
  A dart slug (D:5)
  21 orcs
  8 ball pythons
  2 endoplasms
  2 giant cockroaches
  21 goblins
  7 hobgoblins
  7 jackals
  10 kobolds
  2 quokkas (D:5)
  3 bats
  A frilled lizard (D:1)
  6 rats
198 creatures vanquished.

Notes
Turn   | Place    | Note
-------+----------+-------------------------------------------
     0 | D:1      | Zeor the Merfolk Monk began the quest for the Orb.
     0 | D:1      | Reached XP level 1. HP: 18/18 MP: 1/1
   728 | D:2      | Reached XP level 2. HP: 14/24 MP: 2/2
  1022 | D:2      | Reached XP level 3. HP: 27/29 MP: 3/3
  1118 | D:2      | Reached skill level 5 in Polearms
  1325 | D:2      | Reached XP level 4. HP: 30/35 MP: 4/4
  1590 | D:3      | Reached skill level 6 in Polearms
  1923 | D:3      | Reached XP level 5. HP: 23/42 MP: 5/5
  2505 | D:4      | Reached skill level 7 in Polearms
  2580 | D:4      | Noticed Robin
  2612 | D:4      | Killed Robin
  2737 | D:4      | Noticed Blork the orc
  2748 | D:4      | Killed Blork the orc
  2749 | D:4      | Reached XP level 6. HP: 32/48 MP: 6/6
  2920 | D:4      | Reached skill level 8 in Polearms
  2920 | D:4      | Reached skill level 5 in Dodging
  3519 | D:5      | Entered Level 5 of the Dungeon
  3519 | D:5      | Found Lekkeolack's General Store.
  3528 | D:5      | Bought a scroll of teleportation for 39 gold pieces
  3604 | D:5      | Noticed Duvessa
  3605 | D:5      | Noticed Dowan
  3658 | D:5      | Killed Duvessa
  3659 | D:5      | Reached skill level 9 in Polearms
  3659 | D:5      | Reached skill level 1 in Stealth
  3659 | D:5      | Reached XP level 7. HP: 41/55 MP: 7/7
  3673 | D:5      | Killed Dowan
  3881 | D:5      | Found a glowing drain.
  3896 | Sewer    | Entered a sewer
  4021 | Sewer    | Reached skill level 10 in Polearms
  4167 | D:5      | Identified the +1 plate armour of the Everdark {rPois Int-2
                  | Stlth+}
  4548 | D:5      | Found a hazy altar of Hepliaklqana.
  4613 | D:5      | Reached XP level 8. HP: 51/61 MP: 8/8
  4657 | D:6      | Found Ginle's Antique Weapon Shop.
  4657 | D:6      | Found Cisirext's Weapon Shop.
  4657 | D:6      | Found Daes Ewi's Magic Scroll Shop.
  4670 | D:5      | Bought a +0 vampiric trident for 162 gold pieces
  4767 | D:6      | Reached skill level 5 in Fighting
  5041 | D:6      | Reached skill level 11 in Polearms
  5457 | D:6      | Found a shimmering altar of Xom.
  5457 | D:6      | Found a snail-covered altar of Cheibriados.
  5736 | D:7      | Found a staircase to the Ecumenical Temple.
  5773 | Temple   | Entered the Ecumenical Temple
  5931 | Temple   | Became a worshipper of the Wu Jian Council
  5931 | Temple   | Reached * piety under Wu Jian
  5931 | Temple   | Reached ** piety under Wu Jian
  5958 | D:7      | Reached skill level 12 in Polearms
  5962 | D:7      | Found a glowing golden altar of the Shining One.
  5999 | D:7      | Noticed a slime creature
  6080 | D:7      | Reached XP level 9. HP: 68/68 MP: 9/9
  6258 | D:7      | Found a stormy altar of Qazlal.
  6353 | D:7      | Found a transporter.
  6357 | D:7      | Noticed a manticore
  6358 | D:7      | Found a transporter.
  6358 | D:7      | Noticed Drain's ghost (novice HuCj)
  6740 | D:8      | Reached skill level 13 in Polearms
  6790 | D:8      | Found a staircase to the Lair.
  6818 | D:8      | Found Litty's Jewellery Emporium.
  7505 | D:9      | Reached skill level 14 in Polearms
  8074 | D:9      | Reached XP level 10. HP: 77/77 MP: 10/10
  8098 | D:9      | Reached skill level 15 in Polearms
  8614 | D:9      | Found an opulent altar of Gozag.
  8616 | D:9      | Found a glowing silver altar of Zin.
  8616 | D:9      | Found a hide-covered altar of Uskayaw.
  8723 | Lair:1   | Entered Level 1 of the Lair of Beasts
  8723 | Lair:1   | Found a runed translucent gate.
  8723 | Lair:1   | Found a runed translucent gate.
  8723 | Lair:1   | Found a runed translucent gate.
  8847 | Lair:1   | Noticed an oklob plant
  8869 | Lair:1   | Noticed a black mamba
  8875 | Lair:1   | Killed a black mamba
  8918 | Lair:1   | Reached *** piety under Wu Jian
  9388 | Lair:1   | Noticed Bukhlaj's ghost (journeyman HOFi)
  9549 | Lair:1   | Noticed a cane toad
  9571 | Lair:2   | Noticed a death yak
  9571 | Lair:2   | Noticed a death yak
  9571 | Lair:2   | Noticed a death yak
  9573 | Lair:2   | Noticed a death yak
  9573 | Lair:2   | Noticed a death yak
  9573 | Lair:2   | Noticed a death yak
  9579 | Lair:2   | Reached skill level 16 in Polearms
  9591 | Lair:2   | Killed a death yak
  9591 | Lair:2   | Killed a death yak
  9592 | Lair:2   | Reached skill level 10 in Dodging
  9592 | Lair:2   | Reached XP level 11. HP: 36/84 MP: 11/11
  9593 | Lair:2   | Reached skill level 17 in Polearms
  9595 | Lair:2   | Killed a death yak
  9597 | Lair:2   | Killed a death yak
  9599 | Lair:2   | Killed a death yak
  9602 | Lair:2   | Reached skill level 5 in Stealth
  9604 | Lair:2   | Killed a death yak
  9713 | Lair:2   | Reached skill level 18 in Polearms
  9917 | Lair:2   | Slain by a culicivora

Illustrated notes

Levels and vault maps discovered:
D:1:      grunt_arrival_crossed_arrows, layout_basic, minmay_misc_feat_doors
D:2:      minmay_spotlight, layout_basic
D:3:      layout_loops_ring
D:4:      layout_basic, uniq_robin, uniq_blork_the_orc
D:5:      nicolae_cairo_tiling_large_dashed, layout_loops_ring,
          lemuel_crystal_altar, serial_shops, shop, portal_sewer_entry_b,
          minmay_misc_feat_hallway, uniq_duvessa
D:6:      layout_basic, gammafunk_temple_overflow_elements,
          nicolae_shop_distant_corner_stores
D:7:      layout_cave_pools, mainiacjoe_overflow_small_starburst,
          nicolae_qazlal_eye_of_the_storm, minmay_temple_entry_butterflies,
          gammafunk_ghost_arena, nicolae_lava_and_water
D:8:      layout_basic, lair_entry_dummy, serial_shops, shop
D:9:      layout_basic, nicolae_overflow_hidden_temple
Temple:   nicolae_temple_great_sept
Lair:1:   minmay_lair_oklob_tunnel, layout_gridlike, ebering_ghost_rock_garden,
          lemuel_fruit_tree
Lair:2:   layout_roguey, nicolae_spider_entry_tight_spaces,
          columned_hall_lemuel, beast_lair_carwin_10, grunt_megastairs_5,
          serial_bayou_shore_a

Skill      XL: |  1  2  3  4  5  6  7  8  9 10 11 |
---------------+----------------------------------+-----
Polearms       | 5 6 7 9 10 12 14 16 18 | 18.0
Fighting       | 4 5 6 7 |  7.8
Dodging        | 5 7 8 10 11 | 11.2
Stealth        | 1 2 3 4 5 |  5.2
Throwing       | |  0.5
Evocations     | |  0.4

Action                     |  1- 3 |  4- 6 |  7- 9 | 10-12 || total
---------------------------+-------+-------+-------+-------++-------
  Melee: Spear             |   137 |   267 |    97 |       ||   501
         Tailslap          |       |       |     3 |       ||     3
         Trident           |       |       |   217 |       ||   217
         Halberd           |       |       |    31 |   155 ||   186
  Throw: Dart              |       |       |     2 |     1 ||     3
Ability: Lunge             |       |       |    11 |     2 ||    13
         Whirlwind         |       |       |     7 |     5 ||    12
         Wall Jump         |       |       |     1 |     3 ||     4
  Evoke: Wand              |       |     1 |     2 |     1 ||     4
    Use: Scroll            |     5 |     4 |    11 |     5 ||    25
         Potion            |     2 |     3 |       |     1 ||     6
   Stab: Sleeping          |       |       |     3 |     2 ||     5
 Armour: Robe              |    13 |    17 |    57 |    22 ||   109
         Skin              |       |    27 |       |       ||    27
  Dodge: Dodged            |    55 |    89 |   156 |    97 ||   397
